 Dungeon Crawl Stone Soup version 0.31.0-12-g77e489cdc1 (webtiles) character file.

Game seed: 8196066054807834233

218 Logoto the Firebug (level 5, 0/42 HPs)
             Began as a Hill Orc Fire Elementalist on Feb 19, 2024.
             Was an Initiate of Qazlal.
             Succumbed to an adder's poison
             ... on level 4 of the Dungeon.
             The game lasted 00:12:05 (3944 turns).

Logoto the Firebug (Hill Orc Fire Elementalist)     Turns: 3944, Time: 00:12:05

Health: 0/42       AC:  7    Str: 13    XL:     5   Next: 95%
Magic:  2/8        EV: 10    Int: 15    God:    Qazlal [......]
Gold:   158        SH:  0    Dex: 11    Spells: 5/8 levels left

rFire   . . .        m - +5 spear
rCold   . . .        (no shield)
rNeg    . . .        d - +0 ring mail
rPois   .            i - +1 helmet
rElec   .            (no cloak)
rCorr   .            (no gloves)
SInv    .            (no boots)
Will    .....        (no amulet)
Stlth   +            (no ring)
HPRegen 0.27/turn    (no ring)
MPRegen 0.11/turn

%: no passive effects
@: lethally poisoned (0 -> -1)
A: no striking features
a: Renounce Religion


You were on level 4 of the Dungeon.
You worshipped Qazlal.
Qazlal was noncommittal.
You visited 2 branches of the dungeon, and saw 5 of its levels.

You collected 214 gold pieces.
You spent 56 gold pieces at shops.

Inventory:

Hand Weapons
 a - a +1 short sword of protection
 f - a +0 whip
 m - a +5 spear (weapon)
Armour
 d - a +0 ring mail (worn)
 i - a +1 helmet (worn)
Scrolls
 c - 3 scrolls of vulnerability {unknown}
 h - 2 scrolls of poison {unknown}
 j - 2 scrolls of enchant armour {unknown}
 k - 5 scrolls of blinking {unknown}
 n - a scroll of fog {unknown}
 o - a scroll of noise {unknown}
 q - a scroll of identify {unknown}
 r - 2 scrolls of immolation {unknown}
 t - 2 scrolls of revelation {unknown}
Potions
 b - a potion of magic
 e - a potion of mutation {unknown}
 g - a potion of degeneration {unknown}
 l - a potion of enlightenment {unknown}
 p - a potion of curing {unknown}
 s - a potion of brilliance {unknown}


   Skills:
 + Level 2.4 Fighting
 + Level 0.6 Maces & Flails
 + Level 0.8 Polearms
 + Level 2.3 Armour
 + Level 2.1 Dodging
 + Level 2.0 Stealth
 + Level 2.4 Spellcasting
 + Level 1.4 Conjurations
 + Level 3.9 Fire Magic


You had 5 spell levels left.
You knew the following spells:

 Your Spells              Type           Power      Damage    Failure   Level
a - Foxfire               Conj/Fire      36%        2x1d5     16%         1
b - Scorch                Fire           26%        2d6       14%         2

Your spell library contained the following spells:

 Spells                   Type           Power      Damage    Failure   Level
 Kiss of Death            Conj/Necr      16%        2d6       32%         1
 Momentum Strike          Conj/Tloc      8%         3d8       45%         2
 Inner Flame              Hex/Fire       7%         N/A       52%         3
 Volatile Blastmotes      Fire/Tloc      14%        2d11      52%         3
 Blink                    Tloc           2%         N/A       56%         2
 Jinxbite                 Hex            2%         N/A       56%         2
 Lesser Beckoning         Tloc           2%         N/A       56%         2
 Confusing Touch          Hex            1%         N/A       80%         3
 Flame Wave               Conj/Fire      9%         2d6       83%         4
 Dispel Undead            Necr           1%         3d6       99%         4
 Leda's Liquefaction      Alch/Erth      0%         N/A       99%         4
 Irradiate                Conj/Alch      2%         3d12      100%        5
 Lee's Rapid Deconstruct  Erth           0%         3d4*      100%        5
 Summon Forest            Summ/Tloc      0%         N/A       100%        5
 Summon Mana Viper        Hex/Summ       1%         N/A       100%        5
 Yara's Violent Unravell  Hex/Alch       0%         3d3       100%        5
 Bombard                  Conj/Erth      2%         9d1       100%        6
 Summon Cactus Giant      Summ           0%         N/A       100%        6
 Enfeeble                 Hex            0%         N/A       100%        7
 Haunt                    Necr/Summ      0%         N/A       100%        7
 Borgnjor's Revivificati  Necr           0%         N/A       100%        8
 Ignition                 Fire           6%         3d4       100%        8
 Death's Door             Necr           0%         N/A       100%        9


Dungeon Overview and Level Annotations

Branches:
Dungeon (4/15)             Temple (1/1) D:4

Altars:
Ashenzari
Elyvilon
Fedhas
Gozag
Kikubaaqudgha
Makhleb
Nemelex Xobeh
Okawaru
Qazlal
Ru
Sif Muna
Trog
Uskayaw
Vehumet
Wu Jian
Xom
Yredelemnul
Zin
The Shining One

Shops:
D:2 *   D:4 [


Message History

Confirm with . or Enter, or press ? or * to list all spells.
Flames lash the orc priest.
The orc priest is lightly wounded.
The orc priest's fire resistance burns away.
The orc priest calls upon Beogh to heal the orc.
The orc's wounds heal themselves!
The orc priest mumbles some strange prayers to Beogh against you.
Beogh smites you!
Casting: Scorch (safe; 14% risk of failure)
Confirm with . or Enter, or press ? or * to list all spells.
Flames lash the orc.
You kill the orc!
Qazlal accepts your kill.
Casting: Scorch (safe; 14% risk of failure)
Confirm with . or Enter, or press ? or * to list all spells.
You don't have enough magic to cast this spell.
You hit the adder.
The adder is moderately wounded.
The adder bites you but does no damage.
The orc priest calls down the wrath of Beogh upon you.
Beogh smites you!
You miss the adder.
The adder is moderately wounded.
The adder bites you but does no damage. x2
The orc priest shouts, "Surrender to Beogh and we'll let you live!"
You hit the adder.
The adder is heavily wounded.
The adder bites you.
You are poisoned.
The adder poisons you!
You feel sick. The adder attacks as it pursues you!
The adder bites you but does no damage.
You feel sick. The adder closely misses you.
You feel sick.
The orc priest mumbles some strange prayers to Beogh against you.
Beogh smites you!
* * * LOW HITPOINT WARNING * * *
* * * LOW HITPOINT WARNING * * *
You feel sick.
You die...

..#...##..####..##...#.......#
. #...##..####..##...#.......#
#...##.........#...#)......#
#...'..........#...)o......#
#...#..........#..o#§......
######........##...#.......
#..###...##...#....... #..#
#...##S..#....... #...
#...@....#.......
#....+.....†..#.......
#....#...##...#.......
#....######...# ### ....#
....# #....# ######


You could see an adder.

Vanquished Creatures
  2 hounds
  An iguana (D:4)
  An orc wizard (D:4)
  A gnoll (D:3)
  4 adders
  A ribbon worm (D:2)
  A dart slug (D:1)
  4 orcs
  7 endoplasms
  3 giant cockroaches
  6 hobgoblins
  3 jackals
  3 quokkas
  4 ball pythons
  2 bats (D:1)
  3 frilled lizards
  3 goblins (D:1)
  2 kobolds
  5 rats
56 creatures vanquished.

Vanquished Creatures (others)
  77 foxfires
77 creatures vanquished.

Grand Total: 133 creatures vanquished

Notes
Turn   | Place    | Note
-------+----------+-------------------------------------------
     0 | D:1      | Logoto the Hill Orc Fire Elementalist began the quest for
                  | the Orb.
     0 | D:1      | Reached XP level 1. HP: 14/14 MP: 3/3
   239 | D:1      | Reached XP level 2. HP: 20/20 MP: 2/4
   271 | D:2      | Learned a level 2 spell: Scorch
   855 | D:1      | Reached XP level 3. HP: 26/26 MP: 0/6
  1537 | D:2      | Found Feecump's Assorted Antiques.
  1545 | D:2      | Bought a scroll labelled XEFONO KUEG for 28 gold pieces
  1545 | D:2      | Bought a scroll labelled XEFONO KUEG for 28 gold pieces
  2523 | D:3      | Found a faded altar of an unknown god.
  2635 | D:3      | Reached skill level 1 in Armour
  2635 | D:3      | Reached XP level 4. HP: 18/33 MP: 0/7
  2640 | D:3      | HP: 1/33 [hound (4)]
  2775 | D:3      | Reached XP level 5. HP: 38/39 MP: 3/8
  3402 | D:4      | Found a staircase to the Ecumenical Temple.
  3434 | Temple   | Entered the Ecumenical Temple
  3445 | Temple   | Became a worshipper of Qazlal Stormbringer
  3508 | D:4      | Reached skill level 1 in Fighting
  3776 | D:4      | Found an ancient bone altar of Kikubaaqudgha.
  3821 | D:4      | Found Baufuh's Antique Armour Shoppe.
  3942 | D:4      | HP: 2/42 [orc priest/divine providence (11)]
  3944 | D:4      | Succumbed to an adder's poison

Illustrated notes

Levels and vault maps discovered:
D:1:      dpeg_arrival_court, layout_rooms, st_stairs_2
D:2:      layout_basic, serial_shops, shop, chequers_serial_rivers_small_3
D:3:      layout_loops_cross, shapermc_ecumenical_altar_venn,
          chequers_serial_rivers_micro_e, corexii_shack, cheibrodos_gnoll_hut
D:4:      layout_gridville, kiku_gazebo_garden_becter,
          minmay_temple_entry_drinking_statues, serial_shops,
          nicolae_shop_tiny_glass, minmay_close_crescents
Temple:   dpeg_three_leaves_temple

Skill      XL: |  1  2  3  4  5 |
---------------+----------------+-----
Spellcasting   | 2 |  2.4
Dodging        | 2 |  2.1
Stealth        | 2 |  2.0
Armour         | 1 2 |  2.3
Fighting       | 2 |  2.4
Maces & Flails | |  0.6
Polearms       | |  0.8
Conjurations   | |  1.4
Fire Magic     | |  3.9

Action                     |  1- 3 |  4- 6 || total
---------------------------+-------+-------++-------
  Melee: Unarmed           |    11 |       ||    11
         Whip              |    84 |     5 ||    89
         Spear             |       |    38 ||    38
   Cast: Foxfire           |    40 |     6 ||    46
         Scorch            |    11 |     8 ||    19
    Use: Potion            |     1 |     1 ||     2
 Armour: Robe              |    22 |       ||    22
         Ring mail         |    70 |    50 ||   120
  Dodge: Dodged            |    68 |    30 ||    98
